 Dungeon Crawl Stone Soup version 0.22.1-1-ga44c0e56f4 (webtiles) character file.

14094 LLavrengius the Basher (level 12, 0/77 HPs)
             Began as a Gargoyle Fighter on Oct 9, 2018.
             Was a High Priest of the Shining One.
             Slain by a wolf (5 damage)
             ... in an ice cave.
             The game lasted 00:44:11 (11863 turns).

LLavrengius the Basher (Gargoyle Fighter)          Turns: 11863, Time: 00:44:12

Health: 0/77       AC: 22    Str: 26    XL:     12   Next: 12%
Magic:  9/17       EV:  9    Int: 11    God:    the Shining One [*****.]
Gold:   592        SH: 12    Dex:  9    Spells: 11/11 levels left

rFire    + . .     SeeInvis .   a - +1 flail
rCold    + . .     Gourm    .   c - +0 shield
rNeg     + + +     Faith    .   w - +5 ring mail "Ciomuanye" {rN+}
rPois    ∞         Spirit   .   (no helmet)
rElec    +         Reflect  .   d - scarf {rC+ rF+}
rCorr    +         Harm     .   L - +0 pair of gloves
MR       .....                  k - +1 pair of boots
Stlth    ..........             (no amulet)
HPRegen  0.22/turn              e - ring of resist corrosion
MPRegen  0.15/turn              I - +3 ring of strength

@: glowing
A: negative energy resistance 1, electricity resistance, unbreathing,
petrification resistance, rot immunity, AC +8
a: Divine Shield, Cleansing Flame, Summon Divine Warrior, Renounce Religion


You were in an ice cave.
You worshipped the Shining One.
The Shining One was extremely pleased with you.
You were not hungry.

You visited 2 branches of the dungeon, and saw 13 of its levels.
You also visited: Ossuary and Ice Cave.

You collected 592 gold pieces.

Inventory:

Hand Weapons
 a - a +1 flail (weapon)
 K - a +0 hand crossbow
 R - a +0 blowgun
 U - a +0 blowgun
 V - a +0 morningstar
Missiles
 j - 348 stones (quivered)
 s - 2 javelins
 t - 3 throwing nets
 O - 12 tomahawks
 S - 15 poisoned needles
Armour
 c - a +0 shield (worn)
 d - a scarf of resistance (worn)
 k - a +1 pair of boots (worn)
 w - the +5 ring mail "Ciomuanye" (worn) {rN+}
   (You found it on level 5 of the Dungeon)

   It protects you from negative energy.
 L - a +0 pair of gloves (worn)
 N - a +0 plate armour
Jewellery
 e - a ring of resist corrosion (left hand)
 I - a +3 ring of strength (right hand)
 T - an uncursed ring of ice
 W - an uncursed ring of magical power {unknown}
Wands
 u - a wand of iceblast (6)
 y - a wand of flame (7)
Scrolls
 b - 3 scrolls of random uselessness
 g - 13 scrolls of identify
 h - 3 scrolls of noise
 i - 2 scrolls of enchant weapon
 l - 9 scrolls of remove curse
 C - a scroll of magic mapping {unknown}
 G - 4 scrolls of immolation
 H - 4 scrolls of amnesia
 J - 3 scrolls of teleportation
Potions
 m - 6 potions of flight {unknown}
 n - 3 potions of heal wounds {unknown}
 o - 3 potions of lignification {unknown}
 p - 7 potions of curing {unknown}
 q - 2 potions of ambrosia {unknown}
 r - 4 potions of degeneration {unknown}
 v - 2 potions of brilliance {unknown}
 x - 5 potions of agility {unknown}
 z - a potion of berserk rage {unknown}
 B - 3 potions of cancellation {unknown}
 E - 2 potions of resistance {unknown}
 F - 2 potions of mutation {unknown}
 M - a potion of haste {unknown}
Miscellaneous
 P - a lightning rod (4/4)
 Q - a phantom mirror
Comestibles
 f - 23 rations


   Skills:
 + Level 10.3 Fighting
 * Level 12.5 Maces & Flails
 - Level 3.3 Armour
 + Level 10.4 Shields
 + Level 7.9 Invocations


You had 11 spell levels left.
You didn't know any spells.
Your spell library contained the following spells:

 Spells                   Type           Power        Failure   Level  Hunger
 Pain                     Necr           #...         67%         1    ##.....
 Sandblast                Erth           #.....       67%         1    ##.....
 Passwall                 Tmut/Erth      #.......     82%         2    ###....
 Stone Arrow              Conj/Erth      #.....       96%         3    ####...
 Petrify                  Tmut/Erth      #.......     100%        4    #####..
 Lee's Rapid Deconstruct  Erth           #.........   100%        5    ######.


Dungeon Overview and Level Annotations

Branches:
Dungeon (12/15)            Temple (1/1) D:4
   Lair: D:8-11         Orc: D:9-12

Altars:
Ashenzari
Cheibriados
Dithmenos
Elyvilon
Gozag
Hepliaklqana
Kikubaaqudgha
Makhleb
Nemelex Xobeh
Okawaru
Qazlal
Ru
Sif Muna
Trog
Uskayaw
Vehumet
Wu Jian
Yredelemnul
The Shining One
Lugonu

Annotations:
IceCv exclusion: ice statue


Innate Abilities, Weirdness & Mutations

You are resistant to torment.
Your stone body is resilient. (AC +8)
You are immune to poison.
You resist negative energy. (rN+)
You are resistant to electric shocks. (rElec)
You can survive without breathing.
You are immune to petrification.
You are immune to rotting.


Message History

The polar bear claws you but does no damage.
The wolf bites you.
* * * LOW HITPOINT WARNING * * *
Okay, then.
You hit the polar bear.
The polar bear is almost dead.
The wolf bites you but does no damage. The polar bear misses you.
You block the polar bear's attack.
The polar bear claws you but does no damage.
You are momentarily dazzled by a brilliant light.
You feel somewhat more hungry. You block the wolf's attack.
You block the polar bear's attack. The polar bear completely misses you.
The polar bear closely misses you. The wolf bites you.
* * * LOW HITPOINT WARNING * * *
You block the polar bear's attack. x2
The polar bear claws you but does no damage.
You hit the polar bear but do no damage.
The polar bear is almost dead.
The wolf bites you.
You die...

#...∩...#
##.....##
##...##
#...##
##...#
##...#
##...##
#...##
#@h##
##h.#
##A.# ..#
...#
Y....
......
8h#...


You could see a polar bear (berserk), a wolf and a friendly angel.

Vanquished Creatures
  Fannar (D:11)
  A hydra (D:12)
  A two-headed ogre (D:8)
  Nergalle (D:10)
  An unseen horror (D:10)
  An efreet (D:11)
  A troll (D:9)
  A slime creature (shapeshifter) (D:8)
  3 polar bears (IceCv)
  2 hippogriffs
  A wraith (D:8)
  A spriggan (D:9)
  10 yaks
  Eustachio (D:5)
  3 hungry ghosts
  2 water moccasins
  8 orc warriors
  3 sky beasts
  11 ice beasts
  A phantom (D:7)
  An eye of draining (D:11)
  3 ogres
  4 centaurs
  2 wolves (IceCv)
  2 elf zombies (D:6)
  5 bullfrogs
  2 big kobolds
  2 elf skeletons (D:6)
  A scorpion (D:5)
  2 wyvern skeletons
  9 killer bees
  An electric eel (D:11)
  3 crimson imps
  4 centaur zombies
  3 human zombies
  3 bullfrog skeletons
  6 jellies
  11 orc wizards
  2 bullfrog zombies
  Crazy Yiuf (D:5)
  2 centaur skeletons
  9 orc priests
  2 human skeletons (D:6)
  7 iguanas
  13 worker ants
  A killer bee zombie (D:7)
  3 big kobold zombies (Ossuary)
  3 hound zombies
  2 hound skeletons
  4 mummies (Ossuary)
  7 gnolls
  12 adders
  2 shadow imps
  2 adder zombies (D:6)
  2 worms
  2 dart slugs
  4 leopard geckos
  49 orcs
  8 bats
  8 giant cockroaches
  A gnoll zombie (Ossuary)
  11 goblins
  2 hobgoblins (D:2)
  16 jackals
  6 quokkas
  6 frilled lizards
  16 kobolds
  2 orc skeletons (D:6)
  2 orc zombies (D:6)
  A quokka skeleton (D:5)
  A quokka zombie (D:7)
  13 rats
340 creatures vanquished.

Vanquished Creatures (others)
  6 plants (D:11)
6 creatures vanquished.

Grand Total: 346 creatures vanquished

Notes
Turn   | Place    | Note
-------+----------+-------------------------------------------
     0 | D:1      | LLavrengius the Gargoyle Fighter began the quest for the
                  | Orb.
     0 | D:1      | Reached XP level 1. HP: 14/14 MP: 1/1
    92 | D:1      | Reached XP level 2. HP: 10/19 MP: 2/2
   654 | D:1      | Reached XP level 3. HP: 23/23 MP: 3/3
   956 | D:2      | Reached skill level 3 in Maces & Flails
  1495 | D:2      | Reached XP level 4. HP: 29/29 MP: 4/4
  1545 | D:2      | Noticed a moth of wrath
  1548 | D:2      | Found a bloodstained altar of Trog.
  2139 | D:3      | Reached XP level 5. HP: 30/33 MP: 5/5
  2739 | D:4      | Reached skill level 4 in Maces & Flails
  3286 | D:4      | Reached XP level 6. HP: 39/39 MP: 6/6
  3367 | D:4      | Found a staircase to the Ecumenical Temple.
  3376 | Temple   | Entered the Ecumenical Temple
  3419 | Temple   | Became a worshipper of the Shining One
  3508 | D:4      | Found an ornate altar of the Wu Jian Council.
  3642 | D:5      | Entered Level 5 of the Dungeon
  3869 | D:5      | Reached skill level 5 in Maces & Flails
  4129 | D:5      | Got a twisted ring mail
  4130 | D:5      | Identified the +5 ring mail "Ciomuanye" {rN+} (You found it
                  | on level 5 of the Dungeon)
  4173 | D:5      | Reached skill level 5 in Shields
  4179 | D:5      | Reached skill level 5 in Fighting
  4179 | D:5      | Reached XP level 7. HP: 38/44 MP: 7/7
  4493 | D:5      | Noticed Eustachio
  4642 | D:5      | Killed Eustachio
  4642 | D:5      | Reached skill level 6 in Maces & Flails
  4794 | D:5      | Found the +4 robe of Augmentation {Str+4 Int+4 Dex+4}
  4814 | D:5      | Found a runed door.
  4884 | D:5      | Found a stormy altar of Qazlal.
  4958 | D:5      | Noticed Crazy Yiuf
  4966 | D:5      | Killed Crazy Yiuf
  5027 | D:6      | Found a hide-covered altar of Uskayaw.
  5036 | D:6      | Reached XP level 8. HP: 51/51 MP: 8/8
  5041 | D:6      | Reached * piety under the Shining One
  5051 | D:6      | Noticed a hand axe
  5051 | D:6      | Noticed a hand axe
  5200 | D:6      | Reached skill level 7 in Maces & Flails
  5229 | D:6      | Found a burning altar of Makhleb.
  5307 | D:6      | Found a sand-covered staircase.
  5319 | Ossuary  | Entered an ossuary
  5450 | Ossuary  | Reached ** piety under the Shining One
  5653 | D:6      | Reached skill level 8 in Maces & Flails
  5653 | D:6      | Reached skill level 1 in Invocations
  5668 | D:6      | Reached XP level 9. HP: 56/56 MP: 8/10
  5843 | D:6      | Reached *** piety under the Shining One
  6375 | D:7      | Found an opulent altar of Gozag.
  6377 | D:7      | Found a shadowy altar of Dithmenos.
  6377 | D:7      | Found a hazy altar of Hepliaklqana.
  6377 | D:7      | Found an iron altar of Okawaru.
  6635 | D:7      | Reached skill level 9 in Maces & Flails
  6846 | D:8      | Noticed a two-headed ogre
  7064 | D:8      | Reached XP level 10. HP: 27/64 MP: 11/13
  7282 | D:8      | Killed a two-headed ogre
  7282 | D:8      | Reached skill level 10 in Maces & Flails
  7309 | D:8      | Found a white marble altar of Elyvilon.
  7324 | D:8      | Reached **** piety under the Shining One
  7551 | D:8      | Reached skill level 5 in Invocations
  7582 | D:8      | Found a radiant altar of Vehumet.
  7596 | D:8      | Found an ancient bone altar of Kikubaaqudgha.
  7623 | D:8      | Identified Kikubaaqudgha's Disquisition on Evil Magic
  7630 | D:8      | Found a deep blue altar of Sif Muna.
  7794 | D:8      | Found a glowing golden altar of the Shining One.
  7945 | D:8      | Found a sacrificial altar of Ru.
  8187 | D:9      | Found a sparkling altar of Nemelex Xobeh.
  8922 | D:10     | Entered Level 10 of the Dungeon
  8976 | D:10     | Noticed an unseen horror
  8992 | D:10     | Killed an unseen horror
  9114 | D:10     | Reached XP level 11. HP: 71/71 MP: 15/15
  9166 | D:10     | Noticed Nergalle
  9168 | D:10     | Reached skill level 11 in Maces & Flails
  9220 | D:10     | Killed Nergalle
  9459 | D:10     | Found an opulent altar of Gozag.
 10263 | D:11     | Noticed Fannar
 10384 | D:11     | Killed Fannar
 10548 | D:11     | Reached ***** piety under the Shining One
 10608 | D:11     | Noticed an orc knight
 11127 | D:11     | Reached skill level 12 in Maces & Flails
 11253 | D:11     | You fall through a shaft!
 11253 | D:12     | Noticed a six-headed hydra
 11265 | D:12     | Killed a six-headed hydra
 11265 | D:12     | Reached skill level 10 in Shields
 11337 | D:12     | Reached skill level 10 in Fighting
 11458 | D:12     | Found a frozen archway.
 11533 | IceCv    | Entered an ice cave
 11556 | IceCv    | Reached XP level 12. HP: 42/77 MP: 17/17
 11863 | IceCv    | Slain by a wolf

Skill      XL: |  1  2  3  4  5  6  7  8  9 10 11 |
---------------+----------------------------------+-----
Maces & Flails | 3 4 5 6 8 9 10 12 | 12.5
Shields        | 4 5 6 8 9 10 | 10.4
Fighting       | 4 5 6 7 9 10 | 10.3
Invocations    | 1 4 6 7 |  7.9
Armour         | |  3.3

Action                   |  1- 3 |  4- 6 |  7- 9 | 10-12 || total
-------------------------+-------+-------+-------+-------++-------
Melee: Flail             |   165 |   303 |   435 |   794 ||  1697
 Fire: Blowgun           |       |       |       |    11 ||    11
Throw: Stone             |       |       |     2 |       ||     2
Invok: Summon Divine War |       |       |       |     1 ||     1
  Use: Scroll            |       |     1 |     7 |     3 ||    11
       Potion            |       |       |       |     1 ||     1
  Eat: Chunk             |     2 |     9 |    12 |    21 ||    44
       Ration            |       |       |       |     1 ||     1
Armor: Scale mail        |   110 |    27 |       |       ||   137
       Chain mail        |       |   162 |       |       ||   162
       Ring mail         |       |     6 |   169 |   313 ||   488
Dodge: Dodged            |    66 |    65 |   134 |   244 ||   509
Block: Shield            |   102 |   161 |   176 |   462 ||   901
